 Dungeon Crawl Stone Soup version 0.29.1-2-gbd0b4ee654 (webtiles) character file.

Game seed: 12869578502352270352

32 Icepheonix32 the Changer (level 3, -1/34 HPs)
             Began as an Octopode Transmuter on Nov 18, 2022.
             Slain by a goblin
             ... wielding a +0 dagger
             ... led by Robin
              (3 damage)
             ... on level 2 of the Dungeon.
             The game lasted 00:01:23 (1437 turns).

Icepheonix32 the Changer (Octopode Transmuter)      Turns: 1437, Time: 00:01:23

Health: -1/34      AC: 21    Str:  9    XL:     3   Next: 25%
Magic:  6/6        EV:  2    Int: 15    God:
Gold:   92         SH:  0    Dex: 14    Spells: 5/6 levels left

rFire   . . .      SeeInvis .     - Unarmed
rCold   . . .      Faith    .   e - orb {light}
rNeg    . . .      Spirit   .   (helmet currently unavailable)
rPois   +          Reflect  .   (no amulet)
rElec   .          Harm     .   (no ring)
rCorr   .          Rampage  .   (no ring)
Will    .....      NoTele   +   (no ring)
Stlth   +.........              (no ring)
HPRegen 0.11/turn               (no ring)
MPRegen 0.10/turn               (no ring)
                                (no ring)
                                (no ring)

@: tree-form, glowing, invisible (but backlit and visible)
A: stationary, stasis, torment immunity, boosted hp, almost no armour,
(amphibious), 8 rings, (camouflage 1), (gelatinous body 1), (nimble swimmer 1),
(tentacles)
a: no special abilities


You were on level 2 of the Dungeon.
You were a tree.
You visited 1 branch of the dungeon, and saw 2 of its levels.

You collected 92 gold pieces.

Inventory:

Armour
 e - an orb of light (worn)


   Skills:
 - Level 1.0 Fighting
 - Level 2.0 Dodging
 - Level 3.0 Unarmed Combat
 - Level 2.0 Spellcasting
 + Level 3.6 Transmutations


You had 5 spell levels left.
You knew the following spells:

 Your Spells              Type           Power      Damage    Failure   Level
a - Beastly Appendage     Tmut           24%        N/A       4%          1

Your spell library contained the following spells:

 Spells                   Type           Power      Damage    Failure   Level
 Wereblood                Tmut           12%        N/A       8%          2
 Spider Form              Tmut/Pois      6%         N/A       32%         3
 Ozocubu's Armour         Ice            1%         N/A       54%         3
 Ice Form                 Ice/Tmut       6%         N/A       71%         4
 Ozocubu's Refrigeration  Ice            0%         4d7       100%        7


Dungeon Overview and Level Annotations

Branches:
Dungeon (2/15)

Altars:

Annotations:
D:1 1 transporter
D:2 Robin, Terence


Innate Abilities, Weirdness & Mutations

You are a tree.
Your roots penetrate the ground, keeping you stationary.
You cannot be teleported.
You are immune to unholy pain and torment.
Your maximum health is greatly increased.
You cannot wear most types of armour.
((You are amphibious.))
You can wear up to eight rings at the same time.
((Your skin changes colour to match your surroundings (Stealth+).))
((Your rubbery body absorbs attacks. (AC +1, EV +1)))
((You are camouflaged when in or above water. (Stealth+)))
((You have tentacles for arms and can constrict up to eight enemies at once.))


Message History

* * * LOW HITPOINT WARNING * * *
Unknown command.
You hit the goblin.
You kill the goblin!
The goblin barely misses you.
The hobgoblin hits you but does no damage.
The goblin hits you but does no damage. x2
You cannot move.
Unknown command.
You hit the hobgoblin.
You kill the hobgoblin!
The goblin hits you but does no damage. x2
The hobgoblin hits you but does no damage.
The goblin hits you but does no damage.
Unknown command.
You cannot move.
You smack the goblin!
You kill the goblin!
Robin says, "My goblins will feast on your bones."
Robin throws the goblin at you! The goblin hits you but does no damage.
The hobgoblin hits you but does no damage.
The goblin hits you with a +0 dagger.
* * * LOW HITPOINT WARNING * * *
The goblin hits you with a +0 club.
* * * LOW HITPOINT WARNING * * *
The goblin hits you but does no damage.
You hit the goblin.
You kill the goblin!
Unknown command.
You hit the goblin but do no damage.
The goblin is heavily wounded.
The goblin no longer looks unusually strong.
The hobgoblin no longer looks unusually strong.
The goblin hits you but does no damage. The hobgoblin hits you.
* * * LOW HITPOINT WARNING * * *
Unknown command.
You hit Terence.
Terence is moderately wounded.
The goblin hits you but does no damage. The goblin hits you with a +0 dagger.
You die...

##### ....# ..
....########## ####..
..).##..>..... .....
....)..)...... ##...#
....########## .....# #
......###########gg..#..#
....#.....#....##gS......
....#####.)....g♣@g......
##### ##.....ggg.......
#...............
#...............
##..............
##$............
#....###$..... ...###
.....) ..#


You could see Terence, Robin, an adder, 3 hobgoblins and 4 goblins.

Vanquished Creatures
  4 bats (D:1)
  4 endoplasms (D:1)
  A giant cockroach (D:1)
  6 goblins
  3 hobgoblins
  2 jackals (D:1)
  A ball python (D:1)
  2 frilled lizards (D:1)
  3 kobolds
  3 rats (D:1)
29 creatures vanquished.

Notes
Turn   | Place    | Note
-------+----------+-------------------------------------------
     0 | D:1      | Icepheonix32 the Octopode Transmuter began the quest for
                  | the Orb.
     0 | D:1      | Reached XP level 1. HP: 13/13 MP: 3/3
   263 | D:1      | Reached XP level 2. HP: 18/18 MP: 3/5
  1345 | D:2      | Reached XP level 3. HP: 23/23 MP: 4/6
  1422 | D:2      | Noticed Robin
  1428 | D:2      | Noticed Terence
  1437 | D:2      | Slain by a goblin

Illustrated notes

Levels and vault maps discovered:
D:1:      spicycebolla_arrival_risky_transporter, layout_basic,
          minmay_split_cup_small
D:2:      layout_rooms, uniq_robin, uniq_terence

Skill      XL: |  1  2 |
---------------+-------+-----
Transmutations | 3 |  3.6
Fighting       | |  1.0
Dodging        | |  2.0
Unarmed Combat | |  3.0
Spellcasting   | |  2.0

Action                   || total
-------------------------++-------
Melee: Unarmed           ||    53
       Kick              ||    14
       Tentacles         ||     7
       Constrict         ||    15
       Punch             ||     2
 Cast: Beastly Appendage ||    18
  Use: Scroll            ||     4
       Potion            ||     2
 Stab: Sleeping          ||     1
Armor: Skin              ||    31
Dodge: Dodged            ||    18
